 Dungeon Crawl Stone Soup version 0.23.2-33-g5129a83184 (webtiles) character file.

Game seed: 8908944008468134098

288 Folque the Digger (level 6, -1/72 HPs)
             Began as a Draconian Earth Elementalist on July 3, 2019.
             Was a Follower of Sif Muna.
             Slain by a worker ant (4 damage)
             ... on level 4 of the Dungeon.
             The game lasted 00:08:39 (2085 turns).

Folque the Digger (Draconian Earth Elementalist)    Turns: 2085, Time: 00:08:40

Health: -1/72      AC:  6    Str: 13 (15) XL:     6   Next: 9%
Magic:  1/11       EV: 12    Int: 14 (17) God:    Sif Muna [*.....]
Gold:   189        SH:  0    Dex: 10 (12) Spells: 1/12 levels left

rFire    . . .     SeeInvis .   r - +0 quarterstaff
rCold    . . .     Gourm    .   (shield currently unavailable)
rNeg     . . .     Faith    .   (armour unavailable)
rPois    .         Spirit   .   (helmet restricted)
rElec    .         Reflect  .   (no cloak)
rCorr    .         Harm     .   (no gloves)
MR       .....                  (no boots)
Stlth    ..........             (no amulet)
HPRegen  0.22/turn              (no ring)
MPRegen  0.12/turn              (no ring)

@: berserking, lethally poisoned (-1 -> -8), very quick
A: unfitting armour, cold-blooded, AC +6
a: Divine Energy, Renounce Religion


You were on level 4 of the Dungeon.
You worshipped Sif Muna.
Sif Muna was aware of your devotion.
You were hungry.

You visited 1 branch of the dungeon, and saw 4 of its levels.

You collected 189 gold pieces.

Inventory:

Hand Weapons
 d - a +0 dagger
 i - a cursed -2 spear
 r - a +0 quarterstaff (weapon)
Missiles
 b - 72 stones (quivered)
Wands
 n - a wand of acid (7)
Scrolls
 a - a scroll of immolation {unknown}
 e - 7 scrolls of identify {unknown}
 f - a scroll of enchant weapon {unknown}
 g - a scroll of magic mapping {unknown}
 h - 2 scrolls of amnesia {unknown}
 k - a scroll of enchant armour {unknown}
 p - a scroll of random uselessness {unknown}
 q - a scroll of fog {unknown}
Comestibles
 c - 3 rations


   Skills:
 - Level 2.0 Fighting
 - Level 1.7 Dodging
 - Level 1.7 Stealth
 + Level 3.8 Spellcasting
 - Level 2.6 Conjurations
 - Level 1.0 Transmutations
 + Level 4.4 Earth Magic


You had one spell level left.
You knew the following spells:

 Your Spells              Type           Power        Failure   Level  Hunger
a - Sandblast             Erth           ###...       3%          1    None
b - Passwall              Tmut/Erth      ##......     10%         2    ##.....
c - Stone Arrow           Conj/Erth      ##....       14%         3    ###....
d - Lee's Rapid Deconstr  Erth           ###.......   65%         5    ######.

Your spell library contained the following spells:

 Spells                   Type           Power        Failure   Level  Hunger
 Petrify                  Tmut/Erth      ##......     54%         4    ####...


Dungeon Overview and Level Annotations

Branches:
Dungeon (4/15)
 Temple: D:4-7

Altars:
Cheibriados
Dithmenos
Nemelex Xobeh
Sif Muna
Vehumet
Wu Jian
The Shining One

Shops:
D:4 :

Annotations:
D:3 1 runed translucent door, bmj180's ghost, weakling GrEE


Innate Abilities, Weirdness & Mutations

Your plain brown scales are hard. (AC +6)
You cannot fit into any form of body armour.
You are cold-blooded and may be slowed by cold attacks.


Message History

Your magical effects are unravelling.
You feel magically purged.
You feel less wooden.
* * * LOW HITPOINT WARNING * * *
You feel sick.
The worker ant bites you but does no damage.
It was a potion of berserk rage.
A red film seems to cover your vision as you go berserk!
You feel yourself moving faster!
You feel mighty!
You feel sick. The worker ant bites you.
* * * LOW HITPOINT WARNING * * *
The orc misses you.
The worker ant bites you but does no damage.
You hit the worker ant.
The worker ant is severely wounded.
* * * LOW HITPOINT WARNING * * *
You feel sick. The orc hits you with a +0 hand axe.
* * * LOW HITPOINT WARNING * * *
The worker ant bites you.
You die...

#.... ##.8†## ######
##...Z.### .....#
#....>....###....+
.......oa...#....#
8...###...8......####
..###.###.o.#........
+ #.....##a##....§...
.......@o.......§§.
................§.§
..............≈§≈§§
#####.....####§####
+.....'...##
#.....#...#
#.....#####
###'#....# +...#....#


You could see a worker ant and 2 orcs.

Vanquished Creatures
  A bullfrog (D:3)
  A hound (D:2)
  An orc wizard (D:4)
  A worker ant (D:4)
  5 adders
  A gnoll (D:1)
  An ooze (D:3)
  2 worms
  4 dart slugs
  2 leopard geckos (D:1)
  2 orcs
  4 giant cockroaches
  8 goblins
  7 hobgoblins
  2 jackals (D:2)
  2 ball pythons
  7 bats
  3 frilled lizards
  8 kobolds
  A leopard gecko skeleton (D:4)
  4 rats
67 creatures vanquished.

Notes
Turn   | Place    | Note
-------+----------+-------------------------------------------
     0 | D:1      | Folque the Draconian Earth Elementalist began the quest for
                  | the Orb.
     0 | D:1      | Reached XP level 1. HP: 14/14 MP: 3/3
    70 | D:1      | Reached skill level 1 in Fighting
   104 | D:1      | Reached XP level 2. HP: 15/23 MP: 5/5
   149 | D:1      | Learned a level 2 spell: Passwall
   309 | D:1      | Reached XP level 3. HP: 18/29 MP: 4/6
   314 | D:1      | Learned a level 3 spell: Stone Arrow
   610 | D:2      | Found a deep blue altar of Sif Muna.
   616 | D:2      | Became a worshipper of Sif Muna the Loreminder
   704 | D:2      | Reached XP level 4. HP: 35/36 MP: 5/8
   844 | D:2      | Reached skill level 1 in Conjurations
  1229 | D:3      | Reached XP level 5. HP: 41/41 MP: 9/9
  1270 | D:3      | Found a sparkling altar of Nemelex Xobeh.
  1271 | D:3      | Found a shadowy altar of Dithmenos.
  1273 | D:3      | Found a radiant altar of Vehumet.
  1365 | D:3      | Found a snail-covered altar of Cheibriados.
  1398 | D:3      | Found a glowing golden altar of the Shining One.
  1419 | D:3      | Found an ornate altar of the Wu Jian Council.
  1553 | D:3      | Reached * piety under Sif Muna
  1553 | D:3      | Reached skill level 4 in Earth Magic
  1681 | D:3      | Learned a level 5 spell: Lee's Rapid Deconstruction
  1730 | D:3      | Found a faded altar of an unknown god.
  1802 | D:3      | Found a runed translucent door.
  1803 | D:3      | Noticed bmj180's ghost (weakling GrEE)
  1996 | D:4      | Found Hoebb's Book Emporium.
  2076 | D:4      | Reached XP level 6. HP: 26/48 MP: 1/11
  2085 | D:4      | HP: 3/72 [orc/+0 hand axe (2)]
  2085 | D:4      | Slain by a worker ant

Skill      XL: |  1  2  3  4  5 |
---------------+----------------+-----
Fighting       | 1 2 |  2.0
Spellcasting   | 3 |  3.8
Conjurations   | 1 2 |  2.6
Earth Magic    | 4 |  4.4
Dodging        | |  1.7
Stealth        | |  1.7
Transmutations | |  1.0

Action                   |  1- 3 |  4- 6 || total
-------------------------+-------+-------++-------
Melee: Dagger            |   110 |    89 ||   199
       Unarmed           |     8 |       ||     8
       Tailslap          |    13 |     9 ||    22
       Quarterstaff      |       |    12 ||    12
 Cast: Sandblast         |    10 |    20 ||    30
       Stone Arrow       |     2 |    13 ||    15
  Use: Potion            |       |     4 ||     4
 Stab: Sleeping          |     2 |     4 ||     6
  Eat: Chunk             |       |     5 ||     5
Armor: Skin              |    33 |    45 ||    78
Dodge: Dodged            |    75 |    73 ||   148
